 Dungeon Crawl Stone Soup version 0.28.0 (webtiles) character file.

Game seed: 4296197957517147187

1255 bande the Chopper (level 8, -9/49 HPs)
             Began as a Gargoyle Fighter on Feb 16, 2022.
             Mangled by an ogre (12 damage)
             ... on level 6 of the Dungeon.
             The game lasted 00:13:08 (9208 turns).

bande the Chopper (Gargoyle Fighter)                Turns: 9208, Time: 00:13:09

Health: -9/49      AC: 19    Str: 21    XL:     8   Next: 51%
Magic:  8/8        EV:  7    Int:  8    God:
Gold:   262        SH:  5    Dex: 11    Spells: 7/7 levels left

rFire   . . .      SeeInvis .   e - +2 hand axe (vamp)
rCold   . . .      Faith    .   c - +0 buckler
rNeg    + . .      Spirit   .   o - +0 chain mail
rPois   ∞          Reflect  .   (no helmet)
rElec   +          Harm     .   p - +0 cloak
rCorr   .          Rampage  .   t - +1 pair of gloves
Will    .....                   (no boots)
Stlth   ..........              (no amulet)
HPRegen 0.16/turn               (no ring)
MPRegen 0.11/turn               (no ring)

@: no status effects
A: sickness immunity, AC +5, negative energy resistance 1, electricity
resistance, torment resistance 1, petrification resistance
a: no special abilities


You were on level 6 of the Dungeon.
You visited 2 branches of the dungeon, and saw 7 of its levels.
You also visited: Ossuary.

You collected 262 gold pieces.

Inventory:

Hand Weapons
 a - a +1 war axe of flaming
 e - a +2 vampiric hand axe (weapon)
Armour
 c - a +0 buckler (worn)
 o - a +0 chain mail (worn)
 p - a +0 cloak (worn)
 t - a +1 pair of gloves (worn)
Scrolls
 i - 2 scrolls of fog
 j - 3 scrolls of enchant weapon
 k - 3 scrolls of magic mapping
 q - a scroll of identify
 s - a scroll of enchant armour
Potions
 b - a potion of mutation {unknown}
 d - 6 potions of might
 f - 2 potions of haste
 g - a potion of invisibility
 h - 2 potions of heal wounds {unknown}
 l - 7 potions of curing
 m - a potion of flight {unknown}
 n - a potion of magic {unknown}
 r - a potion of attraction {unknown}


   Skills:
 + Level 5.3 Fighting
 + Level 6.5 Axes
 + Level 6.2 Armour
 + Level 5.2 Shields


You had 7 spell levels left.
You didn't know any spells.
Your spell library contained the following spells:

 Spells                   Type           Power      Damage    Failure   Level
 Magic Dart               Conj           0%         1d3       99%         1
 Call Imp                 Summ           0%         N/A       100%        2
 Static Discharge         Conj/Air       0%         N/A       100%        2
 Gell's Gravitas          Tloc           0%         N/A       100%        3
 Mephitic Cloud           Conj/Pois/Air  0%         N/A       100%        3
 Teleport Other           Tloc           0%         N/A       100%        3
 Dispel Undead            Necr           0%         3d6       100%        4
 Sticky Flame             Conj/Fire      0%         2d3       100%        4
 Dispersal                Tloc           0%         N/A       100%        6


Dungeon Overview and Level Annotations

Branches:
Dungeon (6/15)             Temple (1/1) D:5         Ossuary (visited)

Altars:
Ashenzari
Cheibriados
Elyvilon
Fedhas
Gozag
Hepliaklqana
Kikubaaqudgha
Qazlal
Trog
Uskayaw
Vehumet
Wu Jian
Xom
Yredelemnul
Zin


Innate Abilities, Weirdness & Mutations

You are immune to sickness and miasma.
Your stone body is resilient. (AC +5)
You are immune to poison.
You resist negative energy. (rN+)
You are resistant to electric shocks. (rElec)
You are resistant to unholy torment.
You are immune to petrification.


Message History

You open the door.
There is an open door here.
There is an open door here.
An ogre comes into view. It is wielding a +0 giant club.
The ogre shouts!
The ogre hits you with a +0 giant club!
You hit the ogre.
You feel better.
The ogre is moderately wounded.
The ogre hits you with a +0 giant club!
You completely miss the ogre.
The ogre is moderately wounded.
The ogre hits you with a +0 giant club.
You are too injured to fight recklessly!
You are too injured to fight recklessly!
You are too injured to fight recklessly!
You are too injured to fight recklessly!
You are too injured to fight recklessly!
You are too injured to fight recklessly!
You barely miss the ogre.
The ogre is moderately wounded.
You hit the ogre.
The ogre is moderately wounded.
The ogre hits you but does no damage.
You hit the ogre.
You feel better.
The ogre is heavily wounded.
The ogre hits you with a +0 giant club!
* * * LOW HITPOINT WARNING * * *
You hit the ogre.
The ogre is heavily wounded.
The ogre hits you with a +0 giant club!
* * * LOW HITPOINT WARNING * * *
You hit the ogre.
The ogre is severely wounded.
You barely miss the ogre.
The ogre is severely wounded.
You block the ogre's attack.
You barely miss the ogre.
The ogre is severely wounded.
The ogre hits you with a +0 giant club!
You die...

### ### #.. ..#
###### #.# #.#
#....# #.# #.#
#.##.#
#.######.###.##.#
##########
#O##..........#.#
.........#
#@##.###.###.)#.##
########.# #.##.#
#.# #...... #
###.#######.##.###.#
#...... #
#........#.........#
#.....#
#.#.####.#.###.##.##
####.## #.#.####.#.#
#.##.# #.##
#.#...##.#.###.##.#
#.##
#........#.##..##.#
##+##
#####.####.##.###.#
##...#


You could see an ogre.

Vanquished Creatures
  A water moccasin (D:5)
  An ice beast (D:6)
  A sky beast (Temple)
  2 ogres
  A phantom (D:6)
  2 scorpions
  2 orc priests
  A jelly (D:4)
  A bullfrog skeleton (D:5)
  A centaur skeleton (D:5)
  An iguana (D:4)
  An orc wizard (Temple)
  A hound zombie (D:4)
  A hound skeleton (D:5)
  14 mummies (Ossuary)
  9 adders
  2 white imps
  An ufetubus (D:5)
  An adder skeleton (D:4)
  2 dart slugs
  10 orcs
  7 ball pythons
  9 endoplasms
  3 giant cockroaches
  8 hobgoblins
  4 jackals
  7 kobolds
  10 quokkas
  5 bats
  9 frilled lizards
  2 gnoll skeletons (Ossuary)
  3 goblins
  3 goblin skeletons (Ossuary)
  2 kobold skeletons (Ossuary)
  An orc skeleton (Ossuary)
  A quokka skeleton (D:4)
  3 rats (D:1)
  11 rat skeletons (Ossuary)
144 creatures vanquished.

Vanquished Creatures (others)
  A plant (D:1)
1 creature vanquished.

Grand Total: 145 creatures vanquished

Notes
Turn   | Place    | Note
-------+----------+-------------------------------------------
     0 | D:1      | bande the Gargoyle Fighter began the quest for the Orb.
     0 | D:1      | Reached XP level 1. HP: 14/14 MP: 1/1
   169 | D:1      | Reached XP level 2. HP: 11/19 MP: 2/2
   747 | D:1      | Reached XP level 3. HP: 23/23 MP: 3/3
  1353 | D:2      | Found a faded altar of an unknown god.
  1552 | D:2      | Reached XP level 4. HP: 28/29 MP: 4/4
  2426 | D:4      | Noticed a scorpion
  2446 | D:4      | Killed a scorpion
  2447 | D:4      | Reached XP level 5. HP: 21/33 MP: 5/5
  2470 | D:4      | Found a sand-covered staircase.
  2475 | Ossuary  | Entered an ossuary
  3439 | Ossuary  | Reached XP level 6. HP: 35/38 MP: 6/6
  4616 | D:4      | Found a radiant altar of Vehumet.
  4965 | D:4      | Found a basalt altar of Yredelemnul.
  5092 | D:4      | Found a broken altar of Ashenzari.
  5543 | D:4      | Reached XP level 7. HP: 43/44 MP: 7/7
  5556 | D:4      | Reached skill level 5 in Armour
  6372 | D:5      | Entered Level 5 of the Dungeon
  6540 | D:5      | Reached skill level 5 in Axes
  7344 | D:5      | Found a staircase to the Ecumenical Temple.
  7347 | D:5      | Identified the +5 dagger of Instant Death {holy, Will+
                  | Str+5}
  7353 | Temple   | Entered the Ecumenical Temple
  8140 | D:5      | Reached XP level 8. HP: 46/48 MP: 8/8
  8403 | D:5      | Reached skill level 5 in Fighting
  8512 | D:6      | Reached skill level 5 in Shields
  9208 | D:6      | Mangled by an ogre

Illustrated notes

Levels and vault maps discovered:
D:1:      lordsloth_arrival_two_stooges, layout_basic, minmay_lizard_king
D:2:      minmay_alternating_diamond, layout_basic,
          hellmonk_ecumenical_altar_leap_of_faith, minmay_misc_feat_nine_boxes
D:3:      layout_loops_cross
D:4:      minmay_chambers_of_threes, layout_loops_ring,
          mainiacjoe_overflow_boulevard, yredelemnul_altar_generic,
          mainiacjoe_overflow_brackets, gup_sewer_entry_pipe,
          lightli_ossuary_entry_decrepit_ruins, serial_park_tiny_pond,
          kennysheep_decorative_pillar, dk_noncrumbling_2
D:5:      layout_loops_ring, minmay_temple_entry_slanted
D:6:      layout_loops_corners
Temple:   nicolae_temple_hex_pool

Skill      XL: |  1  2  3  4  5  6  7  8 |
---------------+-------------------------+-----
Axes           | 2 3 4 5 6 |  6.5
Armour         | 4 5 6 |  6.2
Fighting       | 4 5 |  5.3
Shields        | 4 5 |  5.2

Action                   |  1- 3 |  4- 6 |  7- 9 || total
-------------------------+-------+-------+-------++-------
Melee: War axe           |   119 |     4 |       ||   123
       Hand axe          |       |   307 |   210 ||   517
  Use: Scroll            |       |     7 |     9 ||    16
Armor: Scale mail        |    69 |   120 |    48 ||   237
       Chain mail        |       |       |    81 ||    81
Dodge: Dodged            |    68 |    94 |    92 ||   254
Block: Buckler           |    25 |    58 |    46 ||   129
